Avalanche vs Sharks

Created - January 29 2008 at 19:38

Goals
1 2 3 OT1 SO T
Avalanche 0 0 4 0 2 4
Sharks 2 2 0 0 3 5
Shots
1 2 3 OT1 SO T
Avalanche 3 6 16 3 8 28
Sharks 15 11 8 1 8 35

Period #1

1. Sharks , Markus Naslund 11 (Barret Jackman) at 5:14
2. Sharks , Pavel Datsyuk 16 (Barret Jackman, Corey Perry) at 18:44 (PP)

Penalties :
Keith Ballard (COL) for Holding (Minor) at 0:28, Karlis Skrastins (COL) for High sticking (Minor) at 6:47, Jonathan Cheechoo (SJS) for Hooking (Minor) at 9:29, Joni Pitkanen (COL) for Hooking (Minor) at 12:36, Corey Perry (SJS) for Cross-checking (Minor) at 13:23, Patrick Sharp (COL) for High sticking (Minor) at 17:22, Barret Jackman (SJS) for Fighting (Major) at 19:38, Martin Straka (COL) for Fighting (Major) at 19:38

Period #2

3. Sharks , Tomas Plekanec 8 (Ville Peltonen) at 3:37
4. Sharks , Jonathan Cheechoo 26 (Sheldon Souray, Joe Thornton) at 14:45 (PP)

Penalties :
Pavel Datsyuk (SJS) for High sticking (Minor) at 1:06, Patrick Sharp (COL) for Roughing (Minor) at 7:08, Karlis Skrastins (COL) for Interference (Minor) at 9:44, Mark Recchi (COL) for Tripping (Minor) at 14:35, Keith Ballard (COL) for Close Hand On Puck (Minor) at 16:14, Derek Armstrong (COL) for Goalie Interference (Minor) at 19:02

Period #3

5. Avalanche , Keith Ballard 6 (Mark Recchi, Gary Roberts) at 2:10 (PP)
6. Avalanche , Derek Armstrong 8 (Brandon Bochenski, Randy Jones) at 6:58
7. Avalanche , Kevin Klein 4 (Patrick Sharp, Marek Svatos) at 8:24
8. Avalanche , Wojtek Wolski 16 (Brett Mclean, Derek Armstrong) at 14:10

Penalties :
Colby Armstrong (SJS) for Holding (Minor) at 1:11, Colby Armstrong (SJS) for Holding (Minor) at 11:48

Overtime #1

No Goal

Penalties :
No Penalty

Shootout

Penalty Shot by Bill Thomas for Avalanche - Stopped by Dany Sabourin
Penalty Shot by Joe Thornton for Sharks - Shot Misses the Net
Penalty Shot by Mark Recchi for Avalanche - Stopped by Dany Sabourin
Penalty Shot by Pavel Datsyuk for Sharks - Shot Misses the Net
Penalty Shot by Mike Modano for Avalanche - Stopped by Dany Sabourin
Penalty Shot by Markus Naslund for Sharks - Shot Misses the Net
Penalty Shot by Wojtek Wolski for Avalanche - Goal!
Penalty Shot by Colby Armstrong for Sharks - Goal!
Penalty Shot by Gary Roberts for Avalanche - Stopped by Dany Sabourin
Penalty Shot by Jonathan Cheechoo for Sharks - Stopped by Mike Smith
Penalty Shot by Martin Straka for Avalanche - Goal!
Penalty Shot by Sheldon Souray for Sharks - Goal!
Penalty Shot by Sergei Zubov for Avalanche - Stopped by Dany Sabourin
Penalty Shot by Milan Michalek for Sharks - Stopped by Mike Smith
Penalty Shot by Brandon Bochenski for Avalanche - Stopped by Dany Sabourin
Penalty Shot by Tomas Plekanec for Sharks - Goal!

Penalties :
No Penalty

Goalie Stats

Mike Smith (COL), 31 saves from 35 shots - (0.886), OTL, 15-18-7, 65:00 minutes
Dany Sabourin (SJS), 24 saves from 28 shots - (0.857), W, 4-5-2, 65:00 minutes

Players Stats

Avalanche
Player Name              G  A  P  +/- PIM S  H  SB FO MP 
-----------------------------------------------------------
Bill Thomas              0  0  0   0  0   2  0  0  3  9  
Brandon Bochenski        0  1  1   2  0   1  1  0  1  13 
Brett Mclean             0  1  1   1  0   3  0  0  17 13 
Derek Armstrong          1  1  2   2  2   2  0  0  22 13 
Gary Roberts             0  1  1   0  0   1  1  0  0  17 
Joni Pitkanen            0  0  0  -1  2   1  1  0  0  21 
Karlis Skrastins         0  0  0   0  4   0  3  0  0  20 
Keith Ballard            1  0  1   1  4   3  5  1  0  25 
Kevin Klein              1  0  1   1  0   1  0  0  0  18 
Marek Svatos             0  1  1   0  0   0  0  0  2  14 
Mark Recchi              0  1  1  -2  2   3  2  0  2  15 
Martin Straka            0  0  0  -1  5   2  0  0  1  16 
Mike Modano              0  0  0  -1  0   1  1  1  33 22 
Patrick Sharp            0  1  1   1  4   1  1  0  23 26 
Randy Jones              0  1  1   1  0   0  0  0  0  23 
Sergei Brylin            0  0  0   0  0   1  0  0  0  12 
Sergei Zubov             0  0  0  -1  0   3  0  0  0  27 
Wojtek Wolski            1  0  1   2  0   3  0  0  0  19 
Sharks
Player Name              G  A  P  +/- PIM S  H  SB FO MP 
-----------------------------------------------------------
Andrei Markov            0  0  0   0  0   0  0  0  0  0  
Barret Jackman           0  2  2   1  5   1  0  0  0  22 
Colby Armstrong          0  0  0   0  4   2  5  1  3  26 
Corey Perry              0  1  1   1  2   2  0  0  2  17 
Joe Thornton             0  1  1   0  0   4  0  0  29 18 
Jonathan Cheechoo        1  0  1  -2  2   5  4  0  3  23 
Kyle Mclaren             0  0  0   1  0   0  2  0  0  24 
Marc-Edouard Vlasic      0  0  0  -2  0   0  0  0  0  13 
Mark Streit              0  0  0   0  0   1  1  1  0  17 
Markus Naslund           1  0  1   1  0   3  1  0  6  24 
Milan Michalek           0  0  0  -2  0   2  0  0  0  16 
Niklas Kronwall          0  0  0   0  0   0  2  1  0  17 
Pavel Datsyuk            1  0  1   1  2   3  0  0  21 23 
Sheldon Souray           0  1  1  -2  0   3  0  0  0  26 
Stu Barnes               0  0  0  -2  0   1  0  0  18 13 
Teppo Numminen           0  0  0   0  0   1  0  0  0  16 
Tomas Plekanec           1  0  1   0  0   2  0  1  21 15 
Ville Peltonen           0  1  1   0  0   5  1  1  1  15 

3 Stars

1 - Derek Armstrong (COL)
2 - Keith Ballard (COL)
3 - Wojtek Wolski (COL)

Power Play

Avalanche - 1 on 5 Attempt(s) - 20.00%
Sharks - 2 on 9 Attempt(s) - 22.22%

Penalty Kill

Avalanche - 7 on 9 Attempt(s) - 77.78% - Score 0 goal in Penalty Kill
Sharks - 4 on 5 Attempt(s) - 80.00% - Score 0 goal in Penalty Kill

Game Notes

Barret Jackman and Martin Straka fight to a draw at 19:38 of 1st period

Finance

Level 1 -- Attendance: 3308 (60.15%) -- Ticket Income $330,800.00
Level 2 -- Attendance: 2685 (59.67%) -- Ticket Income $161,100.00
Level 3 -- Attendance: 1271 (63.55%) -- Ticket Income $44,485.00
Level 4 -- Attendance: 3144 (70.13%) -- Ticket Income $62,880.00
Luxury Box -- Attendance: 561 (56.10%) -- Ticket Income $112,200.00
Game was played at the HP Pavilion
Total Attendance: 10969 (62.74%)
Total Ticket Income: $747,472.10
Other Income: $159,572.40
Total Income: $907,044.00


Play by Play

Period #1

0:01 of 1st period - Mike Modano wins face-off versus Joe Thornton in neutral zone.
0:06 of 1st period - Shot by Mark Recchi.
0:06 of 1st period - Deflect By Mike Modano.
0:06 of 1st period - Shot Misses the Net.
0:11 of 1st period - Off-side.
0:12 of 1st period - Derek Armstrong wins face-off versus Pavel Datsyuk in neutral zone.
0:28 of 1st period - Minor Penalty to Keith Ballard for Holding.
0:29 of 1st period - Joe Thornton wins face-off versus Brett Mclean in Avalanche zone.
0:49 of 1st period - Icing by Joe Thornton.
0:50 of 1st period - Joe Thornton wins face-off versus Brett Mclean in Sharks zone.
1:13 of 1st period - Shot by Markus Naslund.
1:13 of 1st period - Shot Misses the Net.
1:24 of 1st period - Off-side.
1:25 of 1st period - Pavel Datsyuk wins face-off versus Mike Modano in neutral zone.
1:32 of 1st period - Shot by Pavel Datsyuk.
1:32 of 1st period - Shot Misses the Net.
2:13 of 1st period - Icing by Corey Perry.
2:14 of 1st period - Pavel Datsyuk wins face-off versus Mike Modano in Sharks zone.
2:49 of 1st period - Shot by Milan Michalek.
2:49 of 1st period - Stopped by Mike Smith with a rebound.
2:51 of 1st period - Shot by Jonathan Cheechoo.
2:51 of 1st period - Shot Misses the Net.
2:55 of 1st period - Shot by Jonathan Cheechoo.
2:55 of 1st period - Deflect By Milan Michalek.
2:55 of 1st period - Stopped by Mike Smith without a rebound.
2:56 of 1st period - Derek Armstrong wins face-off versus Tomas Plekanec in Avalanche zone.
3:16 of 1st period - Shot by Derek Armstrong.
3:16 of 1st period - Deflect By Wojtek Wolski.
3:16 of 1st period - Stopped by Dany Sabourin with a rebound.
3:18 of 1st period - Shot by Keith Ballard.
3:18 of 1st period - Shot Misses the Net.
3:20 of 1st period - Shot by Wojtek Wolski.
3:20 of 1st period - Shot Misses the Net.
5:14 of 1st period - Shot by Markus Naslund.
5:14 of 1st period - Goal by Markus Naslund - Avalanche : 0 - Sharks : 1.
5:15 of 1st period - Tomas Plekanec wins face-off versus Patrick Sharp in neutral zone.
6:32 of 1st period - Corey Perry is hit by Karlis Skrastins.
6:41 of 1st period - Markus Naslund is hit by Karlis Skrastins and loses puck.
6:47 of 1st period - Minor Penalty to Karlis Skrastins for High sticking.
6:48 of 1st period - Mike Modano wins face-off versus Joe Thornton in Avalanche zone.
7:08 of 1st period - Shot by Joe Thornton.
7:08 of 1st period - Stopped by Mike Smith without a rebound.
7:09 of 1st period - Mike Modano wins face-off versus Corey Perry in Avalanche zone.
7:09 of 1st period - Mike Modano is hit by Colby Armstrong.
8:03 of 1st period - Shot by Sheldon Souray.
8:03 of 1st period - Stopped by Mike Smith without a rebound.
8:04 of 1st period - Joe Thornton wins face-off versus Brett Mclean in Avalanche zone.
8:48 of 1st period - Icing by Barret Jackman.
8:49 of 1st period - Derek Armstrong wins face-off versus Tomas Plekanec in Sharks zone.
9:29 of 1st period - Minor Penalty to Jonathan Cheechoo for Hooking.
9:30 of 1st period - Patrick Sharp wins face-off versus Joe Thornton in neutral zone.
9:35 of 1st period - Shot by Sergei Zubov.
9:35 of 1st period - Stopped by Dany Sabourin without a rebound.
9:36 of 1st period - Joe Thornton wins face-off versus Patrick Sharp in Sharks zone.
10:50 of 1st period - Shot by Kevin Klein.
10:50 of 1st period - Shot Misses the Net.
11:00 of 1st period - Barret Jackman is hit by Gary Roberts and loses puck.
11:25 of 1st period - Shot by Sergei Zubov.
11:25 of 1st period - Shot Misses the Net.
11:27 of 1st period - Shot by Joni Pitkanen.
11:27 of 1st period - Stopped by Dany Sabourin without a rebound.
11:28 of 1st period - Joe Thornton wins face-off versus Mike Modano in Sharks zone.
11:28 of 1st period - Joe Thornton is hit by Mike Modano.
11:55 of 1st period - Shot by Jonathan Cheechoo.
11:55 of 1st period - Shot Misses the Net.
11:58 of 1st period - Icing by Keith Ballard.
11:59 of 1st period - Tomas Plekanec wins face-off versus Derek Armstrong in Avalanche zone.
12:00 of 1st period - Shot by Joe Thornton.
12:00 of 1st period - Deflect By Tomas Plekanec.
12:00 of 1st period - Stopped by Mike Smith without a rebound.
12:01 of 1st period - Mike Modano wins face-off versus Tomas Plekanec in Avalanche zone.
12:14 of 1st period - Mike Modano is hit by Ville Peltonen.
12:32 of 1st period - Martin Straka is hit by Colby Armstrong and loses puck.
12:36 of 1st period - Minor Penalty to Joni Pitkanen for Hooking.
12:37 of 1st period - Joe Thornton wins face-off versus Brett Mclean in Avalanche zone.
13:23 of 1st period - Minor Penalty to Corey Perry for Cross-checking.
13:24 of 1st period - Patrick Sharp wins face-off versus Markus Naslund in Avalanche zone.
14:27 of 1st period - Shot by Joe Thornton.
14:27 of 1st period - Shot Blocked by Mike Modano.
14:29 of 1st period - Shot by Teppo Numminen.
14:29 of 1st period - Stopped by Mike Smith without a rebound.
14:30 of 1st period - Patrick Sharp wins face-off versus Jonathan Cheechoo in Avalanche zone.
15:30 of 1st period - Tomas Plekanec is hit by Keith Ballard and loses puck.
15:45 of 1st period - Shot by Ville Peltonen.
15:45 of 1st period - Stopped by Mike Smith without a rebound.
15:46 of 1st period - Stu Barnes wins face-off versus Mark Recchi in Avalanche zone.
15:46 of 1st period - Stu Barnes is hit by Karlis Skrastins.
15:52 of 1st period - Shot by Milan Michalek.
15:52 of 1st period - Shot Misses the Net.
15:56 of 1st period - Shot by Stu Barnes.
15:56 of 1st period - Stopped by Mike Smith without a rebound.
15:57 of 1st period - Derek Armstrong wins face-off versus Stu Barnes in Avalanche zone.
16:08 of 1st period - Icing by Jonathan Cheechoo.
16:09 of 1st period - Patrick Sharp wins face-off versus Stu Barnes in Sharks zone.
16:17 of 1st period - Off-side.
16:18 of 1st period - Mike Modano wins face-off versus Tomas Plekanec in neutral zone.
16:31 of 1st period - Shot by Ville Peltonen.
16:31 of 1st period - Stopped by Mike Smith without a rebound.
16:32 of 1st period - Pavel Datsyuk wins face-off versus Derek Armstrong in Avalanche zone.
16:32 of 1st period - Pavel Datsyuk is hit by Keith Ballard.
16:41 of 1st period - Off-side.
16:42 of 1st period - Patrick Sharp wins face-off versus Tomas Plekanec in neutral zone.
16:57 of 1st period - Shot by Tomas Plekanec.
16:57 of 1st period - Deflect By Ville Peltonen.
16:57 of 1st period - Stopped by Mike Smith with a rebound.
17:21 of 1st period - Shot by Kevin Klein.
17:21 of 1st period - Shot Blocked by Ville Peltonen.
17:22 of 1st period - Minor Penalty to Patrick Sharp for High sticking.
17:23 of 1st period - Mike Modano wins face-off versus Joe Thornton in Sharks zone.
17:59 of 1st period - Shot by Joe Thornton.
17:59 of 1st period - Stopped by Mike Smith without a rebound.
18:00 of 1st period - Pavel Datsyuk wins face-off versus Brett Mclean in Avalanche zone.
18:05 of 1st period - Shot by Colby Armstrong.
18:05 of 1st period - Stopped by Mike Smith without a rebound.
18:06 of 1st period - Brett Mclean wins face-off versus Pavel Datsyuk in Avalanche zone.
18:44 of 1st period - Shot by Barret Jackman.
18:44 of 1st period - Deflect By Pavel Datsyuk.
18:44 of 1st period - Goal by Pavel Datsyuk - Avalanche : 0 - Sharks : 2.
18:45 of 1st period - Derek Armstrong wins face-off versus Stu Barnes in neutral zone.
19:19 of 1st period - Icing by Keith Ballard.
19:20 of 1st period - Ville Peltonen wins face-off versus Derek Armstrong in Avalanche zone.
19:23 of 1st period - Shot by Joe Thornton.
19:23 of 1st period - Stopped by Mike Smith without a rebound.
19:24 of 1st period - Pavel Datsyuk wins face-off versus Mike Modano in Avalanche zone.
19:38 of 1st period - Barret Jackman and Martin Straka fight to a draw.
19:38 of 1st period - Penalty to Barret Jackman for Fighting.
19:38 of 1st period - Penalty to Martin Straka for Fighting.
19:39 of 1st period - Patrick Sharp wins face-off versus Colby Armstrong in neutral zone.

Period #2

0:01 of 2nd period - Joe Thornton wins face-off versus Bill Thomas in neutral zone.
1:06 of 2nd period - Minor Penalty to Pavel Datsyuk for High sticking.
1:07 of 2nd period - Patrick Sharp wins face-off versus Markus Naslund in neutral zone.
1:23 of 2nd period - Icing by Sergei Zubov.
1:24 of 2nd period - Markus Naslund wins face-off versus Patrick Sharp in Avalanche zone.
2:10 of 2nd period - Shot by Gary Roberts.
2:10 of 2nd period - Shot Blocked by Colby Armstrong.
2:15 of 2nd period - Shot by Keith Ballard.
2:15 of 2nd period - Shot Hit the Post.
2:23 of 2nd period - Shot by Mark Recchi.
2:23 of 2nd period - Stopped by Dany Sabourin without a rebound.
2:24 of 2nd period - Patrick Sharp wins face-off versus Joe Thornton in Sharks zone.
2:31 of 2nd period - Shot by Kevin Klein.
2:31 of 2nd period - Shot Misses the Net.
2:33 of 2nd period - Shot by Brett Mclean.
2:33 of 2nd period - Stopped by Dany Sabourin without a rebound.
2:34 of 2nd period - Patrick Sharp wins face-off versus Joe Thornton in Sharks zone.
3:37 of 2nd period - Shot by Tomas Plekanec.
3:37 of 2nd period - Goal by Tomas Plekanec - Avalanche : 0 - Sharks : 3.
3:38 of 2nd period - Derek Armstrong wins face-off versus Pavel Datsyuk in neutral zone.
3:38 of 2nd period - Derek Armstrong is hit by Markus Naslund.
3:41 of 2nd period - Brandon Bochenski is hit by Niklas Kronwall and loses puck.
6:06 of 2nd period - Off-side.
6:07 of 2nd period - Brett Mclean wins face-off versus Pavel Datsyuk in neutral zone.
6:14 of 2nd period - Off-side.
6:15 of 2nd period - Derek Armstrong wins face-off versus Pavel Datsyuk in neutral zone.
6:30 of 2nd period - Shot by Derek Armstrong.
6:30 of 2nd period - Shot Misses the Net.
7:08 of 2nd period - Minor Penalty to Patrick Sharp for Roughing.
7:09 of 2nd period - Joe Thornton wins face-off versus Bill Thomas in neutral zone.
7:14 of 2nd period - Sergei Zubov is hit by Jonathan Cheechoo and loses puck.
8:28 of 2nd period - Shot by Sergei Brylin.
8:28 of 2nd period - Shot Misses the Net.
9:04 of 2nd period - Icing by Joe Thornton.
9:05 of 2nd period - Joe Thornton wins face-off versus Mike Modano in Sharks zone.
9:44 of 2nd period - Minor Penalty to Karlis Skrastins for Interference.
9:45 of 2nd period - Joe Thornton wins face-off versus Mike Modano in Avalanche zone.
10:00 of 2nd period - Shot by Jonathan Cheechoo.
10:00 of 2nd period - Stopped by Mike Smith with a rebound.
11:44 of 2nd period - Shot by Colby Armstrong.
11:44 of 2nd period - Stopped by Mike Smith without a rebound.
11:45 of 2nd period - Tomas Plekanec wins face-off versus Derek Armstrong in Avalanche zone.
11:54 of 2nd period - Shot by Mark Streit.
11:54 of 2nd period - Shot Blocked by Keith Ballard.
11:56 of 2nd period - Shot by Mark Streit.
11:56 of 2nd period - Stopped by Mike Smith with a rebound.
11:58 of 2nd period - Shot by Colby Armstrong.
11:58 of 2nd period - Shot Misses the Net.
12:00 of 2nd period - Shot by Ville Peltonen.
12:00 of 2nd period - Stopped by Mike Smith without a rebound.
12:01 of 2nd period - Patrick Sharp wins face-off versus Stu Barnes in Avalanche zone.
12:24 of 2nd period - Shot by Marek Svatos.
12:24 of 2nd period - Shot Misses the Net.
12:28 of 2nd period - Shot by Marek Svatos.
12:28 of 2nd period - Shot Misses the Net.
12:52 of 2nd period - Shot by Mike Modano.
12:52 of 2nd period - Stopped by Dany Sabourin without a rebound.
12:53 of 2nd period - Derek Armstrong wins face-off versus Pavel Datsyuk in Sharks zone.
12:57 of 2nd period - Derek Armstrong is hit by Kyle Mclaren and loses puck.
13:14 of 2nd period - Shot by Markus Naslund.
13:14 of 2nd period - Stopped by Mike Smith without a rebound.
13:15 of 2nd period - Brett Mclean wins face-off versus Tomas Plekanec in Avalanche zone.
13:22 of 2nd period - Shot by Bill Thomas.
13:22 of 2nd period - Stopped by Dany Sabourin without a rebound.
13:23 of 2nd period - Tomas Plekanec wins face-off versus Mike Modano in Sharks zone.
13:37 of 2nd period - Colby Armstrong is hit by Joni Pitkanen and loses puck.
13:45 of 2nd period - Icing by Martin Straka.
13:46 of 2nd period - Mike Modano wins face-off versus Pavel Datsyuk in Avalanche zone.
13:55 of 2nd period - Shot by Sergei Zubov.
13:55 of 2nd period - Stopped by Dany Sabourin without a rebound.
13:56 of 2nd period - Derek Armstrong wins face-off versus Pavel Datsyuk in Sharks zone.
14:24 of 2nd period - Shot by Derek Armstrong.
14:24 of 2nd period - Stopped by Dany Sabourin without a rebound.
14:25 of 2nd period - Stu Barnes wins face-off versus Marek Svatos in Sharks zone.
14:25 of 2nd period - Stu Barnes is hit by Patrick Sharp.
14:34 of 2nd period - Off-side.
14:35 of 2nd period - Tomas Plekanec wins face-off versus Mike Modano in neutral zone.
14:35 of 2nd period - Minor Penalty to Mark Recchi for Tripping.
14:36 of 2nd period - Joe Thornton wins face-off versus Brett Mclean in neutral zone.
14:45 of 2nd period - Shot by Jonathan Cheechoo.
14:45 of 2nd period - Goal by Jonathan Cheechoo - Avalanche : 0 - Sharks : 4.
14:46 of 2nd period - Tomas Plekanec wins face-off versus Mike Modano in neutral zone.
14:55 of 2nd period - Niklas Kronwall is hit by Mark Recchi and loses puck.
15:27 of 2nd period - Icing by Mark Streit.
15:28 of 2nd period - Derek Armstrong wins face-off versus Tomas Plekanec in Sharks zone.
16:05 of 2nd period - Shot by Corey Perry.
16:05 of 2nd period - Shot Misses the Net.
16:09 of 2nd period - Shot by Pavel Datsyuk.
16:09 of 2nd period - Stopped by Mike Smith with a rebound.
16:13 of 2nd period - Shot by Markus Naslund.
16:13 of 2nd period - Stopped by Mike Smith with a rebound.
16:14 of 2nd period - Minor Penalty to Keith Ballard for Close Hand On Puck.
16:15 of 2nd period - Brett Mclean wins face-off versus Joe Thornton in Avalanche zone.
16:15 of 2nd period - Brett Mclean is hit by Jonathan Cheechoo.
16:34 of 2nd period - Shot by Jonathan Cheechoo.
16:34 of 2nd period - Stopped by Mike Smith without a rebound.
16:35 of 2nd period - Mike Modano wins face-off versus Pavel Datsyuk in Avalanche zone.
16:35 of 2nd period - Mike Modano is hit by Colby Armstrong.
17:56 of 2nd period - Shot by Teppo Numminen.
17:56 of 2nd period - Shot Misses the Net.
17:58 of 2nd period - Shot by Sheldon Souray.
17:58 of 2nd period - Stopped by Mike Smith without a rebound.
17:59 of 2nd period - Joe Thornton wins face-off versus Mike Modano in Avalanche zone.
18:19 of 2nd period - Icing by Kevin Klein.
18:20 of 2nd period - Stu Barnes wins face-off versus Derek Armstrong in Avalanche zone.
18:20 of 2nd period - Sheldon Souray is hit by Keith Ballard and loses puck.
19:02 of 2nd period - Minor Penalty to Derek Armstrong for Goalie Interference.
19:03 of 2nd period - Pavel Datsyuk wins face-off versus Brett Mclean in neutral zone.
19:08 of 2nd period - Shot by Joe Thornton.
19:08 of 2nd period - Shot Hit the Post.

Period #3

0:01 of 3rd period - Joe Thornton wins face-off versus Brett Mclean in neutral zone.
0:12 of 3rd period - Icing by Sheldon Souray.
0:13 of 3rd period - Joe Thornton wins face-off versus Mike Modano in Sharks zone.
0:42 of 3rd period - Shot by Jonathan Cheechoo.
0:42 of 3rd period - Deflect By Joe Thornton.
0:42 of 3rd period - Stopped by Mike Smith without a rebound.
0:43 of 3rd period - Brett Mclean wins face-off versus Pavel Datsyuk in Avalanche zone.
1:04 of 3rd period - Shot by Corey Perry.
1:04 of 3rd period - Shot Misses the Net.
1:11 of 3rd period - Minor Penalty to Colby Armstrong for Holding.
1:12 of 3rd period - Joe Thornton wins face-off versus Patrick Sharp in neutral zone.
1:46 of 3rd period - Shot by Sergei Zubov.
1:46 of 3rd period - Stopped by Dany Sabourin without a rebound.
1:47 of 3rd period - Joe Thornton wins face-off versus Mike Modano in Sharks zone.
2:00 of 3rd period - Shot by Keith Ballard.
2:00 of 3rd period - Stopped by Dany Sabourin without a rebound.
2:01 of 3rd period - Mike Modano wins face-off versus Joe Thornton in Sharks zone.
2:10 of 3rd period - Shot by Keith Ballard.
2:10 of 3rd period - Goal by Keith Ballard - Avalanche : 1 - Sharks : 4.
2:11 of 3rd period - Tomas Plekanec wins face-off versus Patrick Sharp in neutral zone.
2:27 of 3rd period - Icing by Ville Peltonen.
2:28 of 3rd period - Brett Mclean wins face-off versus Tomas Plekanec in Sharks zone.
2:28 of 3rd period - Brett Mclean is hit by Mark Streit.
3:02 of 3rd period - Icing by Bill Thomas.
3:03 of 3rd period - Brett Mclean wins face-off versus Pavel Datsyuk in Avalanche zone.
3:36 of 3rd period - Off-side.
3:37 of 3rd period - Mike Modano wins face-off versus Stu Barnes in neutral zone.
3:53 of 3rd period - Icing by Stu Barnes.
3:54 of 3rd period - Patrick Sharp wins face-off versus Stu Barnes in Sharks zone.
4:10 of 3rd period - Off-side.
4:11 of 3rd period - Tomas Plekanec wins face-off versus Derek Armstrong in neutral zone.
4:28 of 3rd period - Mark Streit is hit by Keith Ballard and loses puck.
4:36 of 3rd period - Ville Peltonen is hit by Keith Ballard and loses puck.
5:47 of 3rd period - Shot by Markus Naslund.
5:47 of 3rd period - Shot Misses the Net.
5:51 of 3rd period - Shot by Pavel Datsyuk.
5:51 of 3rd period - Deflect By Corey Perry.
5:51 of 3rd period - Stopped by Mike Smith without a rebound.
5:52 of 3rd period - Stu Barnes wins face-off versus Mike Modano in Avalanche zone.
5:55 of 3rd period - Shot by Milan Michalek.
5:55 of 3rd period - Deflect By Jonathan Cheechoo.
5:55 of 3rd period - Stopped by Mike Smith without a rebound.
5:56 of 3rd period - Stu Barnes wins face-off versus Mike Modano in Avalanche zone.
6:04 of 3rd period - Icing by Mark Recchi.
6:05 of 3rd period - Joe Thornton wins face-off versus Martin Straka in Avalanche zone.
6:15 of 3rd period - Off-side.
6:16 of 3rd period - Jonathan Cheechoo wins face-off versus Derek Armstrong in neutral zone.
6:58 of 3rd period - Shot by Derek Armstrong.
6:58 of 3rd period - Goal by Derek Armstrong - Avalanche : 2 - Sharks : 4.
6:59 of 3rd period - Mike Modano wins face-off versus Pavel Datsyuk in neutral zone.
7:10 of 3rd period - Shot by Martin Straka.
7:10 of 3rd period - Deflect By Mark Recchi.
7:10 of 3rd period - Shot Misses the Net.
7:44 of 3rd period - Shot by Martin Straka.
7:44 of 3rd period - Stopped by Dany Sabourin without a rebound.
7:45 of 3rd period - Patrick Sharp wins face-off versus Colby Armstrong in Sharks zone.
8:00 of 3rd period - Off-side.
8:01 of 3rd period - Stu Barnes wins face-off versus Derek Armstrong in neutral zone.
8:04 of 3rd period - Keith Ballard is hit by Jonathan Cheechoo and loses puck.
8:14 of 3rd period - Icing by Sheldon Souray.
8:15 of 3rd period - Marek Svatos wins face-off versus Stu Barnes in Sharks zone.
8:22 of 3rd period - Shot by Patrick Sharp.
8:22 of 3rd period - Shot Misses the Net.
8:24 of 3rd period - Shot by Kevin Klein.
8:24 of 3rd period - Goal by Kevin Klein - Avalanche : 3 - Sharks : 4.
8:25 of 3rd period - Brett Mclean wins face-off versus Tomas Plekanec in neutral zone.
8:57 of 3rd period - Shot by Bill Thomas.
8:57 of 3rd period - Stopped by Dany Sabourin with a rebound.
9:01 of 3rd period - Shot by Sergei Zubov.
9:01 of 3rd period - Shot Misses the Net.
9:03 of 3rd period - Shot by Sergei Brylin.
9:03 of 3rd period - Stopped by Dany Sabourin with a rebound.
9:05 of 3rd period - Shot by Sergei Brylin.
9:05 of 3rd period - Shot Misses the Net.
9:12 of 3rd period - Icing by Niklas Kronwall.
9:13 of 3rd period - Patrick Sharp wins face-off versus Tomas Plekanec in Sharks zone.
9:32 of 3rd period - Shot by Gary Roberts.
9:32 of 3rd period - Stopped by Dany Sabourin with a rebound.
9:34 of 3rd period - Shot by Marek Svatos.
9:34 of 3rd period - Deflect By Patrick Sharp.
9:34 of 3rd period - Shot Blocked by Tomas Plekanec.
9:36 of 3rd period - Shot by Kevin Klein.
9:36 of 3rd period - Shot Hit the Post.
9:38 of 3rd period - Shot by Karlis Skrastins.
9:38 of 3rd period - Shot Blocked by Mark Streit.
9:40 of 3rd period - Shot by Patrick Sharp.
9:40 of 3rd period - Stopped by Dany Sabourin without a rebound.
9:41 of 3rd period - Mike Modano wins face-off versus Pavel Datsyuk in Sharks zone.
9:51 of 3rd period - Icing by Barret Jackman.
9:52 of 3rd period - Pavel Datsyuk wins face-off versus Brandon Bochenski in Sharks zone.
9:54 of 3rd period - Icing by Corey Perry.
9:55 of 3rd period - Corey Perry wins face-off versus Derek Armstrong in Sharks zone.
9:59 of 3rd period - Off-side.
10:00 of 3rd period - Patrick Sharp wins face-off versus Stu Barnes in neutral zone.
10:17 of 3rd period - Shot by Jonathan Cheechoo.
10:17 of 3rd period - Stopped by Mike Smith with a rebound.
10:21 of 3rd period - Shot by Milan Michalek.
10:21 of 3rd period - Shot Misses the Net.
11:03 of 3rd period - Shot by Corey Perry.
11:03 of 3rd period - Shot Misses the Net.
11:07 of 3rd period - Shot by Pavel Datsyuk.
11:07 of 3rd period - Shot Misses the Net.
11:09 of 3rd period - Shot by Corey Perry.
11:09 of 3rd period - Stopped by Mike Smith without a rebound.
11:10 of 3rd period - Mark Recchi wins face-off versus Tomas Plekanec in Avalanche zone.
11:10 of 3rd period - Mark Recchi is hit by Colby Armstrong.
11:48 of 3rd period - Minor Penalty to Colby Armstrong for Holding.
11:49 of 3rd period - Joe Thornton wins face-off versus Mike Modano in neutral zone.
11:52 of 3rd period - Shot by Sheldon Souray.
11:52 of 3rd period - Stopped by Mike Smith with a rebound.
13:26 of 3rd period - Icing by Sergei Brylin.
13:27 of 3rd period - Joe Thornton wins face-off versus Bill Thomas in Avalanche zone.
13:52 of 3rd period - Shot by Brett Mclean.
13:52 of 3rd period - Stopped by Dany Sabourin without a rebound.
13:53 of 3rd period - Derek Armstrong wins face-off versus Colby Armstrong in Sharks zone.
14:08 of 3rd period - Shot by Brett Mclean.
14:08 of 3rd period - Stopped by Dany Sabourin with a rebound.
14:10 of 3rd period - Shot by Wojtek Wolski.
14:10 of 3rd period - Goal by Wojtek Wolski - Avalanche : 4 - Sharks : 4.
14:11 of 3rd period - Stu Barnes wins face-off versus Mike Modano in neutral zone.
16:25 of 3rd period - Shot by Ville Peltonen.
16:25 of 3rd period - Stopped by Mike Smith without a rebound.
16:26 of 3rd period - Derek Armstrong wins face-off versus Stu Barnes in Avalanche zone.
16:31 of 3rd period - Stu Barnes is hit by Brandon Bochenski and loses puck.
16:48 of 3rd period - Shot by Brandon Bochenski.
16:48 of 3rd period - Stopped by Dany Sabourin without a rebound.
16:49 of 3rd period - Mike Modano wins face-off versus Tomas Plekanec in Sharks zone.
16:51 of 3rd period - Martin Straka is hit by Niklas Kronwall.
16:58 of 3rd period - Icing by Mark Streit.
16:59 of 3rd period - Tomas Plekanec wins face-off versus Brett Mclean in Sharks zone.
17:45 of 3rd period - Shot by Pavel Datsyuk.
17:45 of 3rd period - Stopped by Mike Smith without a rebound.
17:46 of 3rd period - Stu Barnes wins face-off versus Mike Modano in Avalanche zone.
17:53 of 3rd period - Shot by Martin Straka.
17:53 of 3rd period - Deflect By Mark Recchi.
17:53 of 3rd period - Stopped by Dany Sabourin without a rebound.
17:54 of 3rd period - Derek Armstrong wins face-off versus Pavel Datsyuk in Sharks zone.
17:58 of 3rd period - Wojtek Wolski is hit by Kyle Mclaren.
18:16 of 3rd period - Shot by Keith Ballard.
18:16 of 3rd period - Stopped by Dany Sabourin without a rebound.
18:17 of 3rd period - Stu Barnes wins face-off versus Mike Modano in Sharks zone.
18:17 of 3rd period - Stu Barnes is hit by Mark Recchi.
19:36 of 3rd period - Shot by Marek Svatos.
19:36 of 3rd period - Shot Misses the Net.
19:54 of 3rd period - Shot by Markus Naslund.
19:54 of 3rd period - Deflect By Pavel Datsyuk.
19:54 of 3rd period - Shot Misses the Net.
19:56 of 3rd period - Shot by Barret Jackman.
19:56 of 3rd period - Shot Misses the Net.

Overtime #1

0:01 of 1st overtime period - Patrick Sharp wins face-off versus Joe Thornton in neutral zone.
0:09 of 1st overtime period - Shot by Joe Thornton.
0:09 of 1st overtime period - Shot Misses the Net.
0:29 of 1st overtime period - Shot by Martin Straka.
0:29 of 1st overtime period - Stopped by Dany Sabourin without a rebound.
0:30 of 1st overtime period - Mike Modano wins face-off versus Markus Naslund in Sharks zone.
0:31 of 1st overtime period - Shot by Wojtek Wolski.
0:31 of 1st overtime period - Shot Misses the Net.
0:53 of 1st overtime period - Shot by Barret Jackman.
0:53 of 1st overtime period - Stopped by Mike Smith without a rebound.
0:54 of 1st overtime period - Patrick Sharp wins face-off versus Joe Thornton in Avalanche zone.
1:50 of 1st overtime period - Keith Ballard is hit by Colby Armstrong and loses puck.
2:01 of 1st overtime period - Shot by Keith Ballard.
2:01 of 1st overtime period - Shot Misses the Net.
2:03 of 1st overtime period - Shot by Mike Modano.
2:03 of 1st overtime period - Deflect By Wojtek Wolski.
2:03 of 1st overtime period - Stopped by Dany Sabourin with a rebound.
2:07 of 1st overtime period - Shot by Mike Modano.
2:07 of 1st overtime period - Shot Misses the Net.
2:17 of 1st overtime period - Shot by Wojtek Wolski.
2:17 of 1st overtime period - Deflect By Mike Modano.
2:17 of 1st overtime period - Shot Misses the Net.
2:48 of 1st overtime period - Icing by Kyle Mclaren.
2:49 of 1st overtime period - Patrick Sharp wins face-off versus Markus Naslund in Sharks zone.
3:26 of 1st overtime period - Icing by Markus Naslund.
3:27 of 1st overtime period - Markus Naslund wins face-off versus Mike Modano in Sharks zone.
4:30 of 1st overtime period - Shot by Mark Recchi.
4:30 of 1st overtime period - Stopped by Dany Sabourin without a rebound.
4:31 of 1st overtime period - Jonathan Cheechoo wins face-off versus Patrick Sharp in Sharks zone.
4:38 of 1st overtime period - Patrick Sharp is hit by Jonathan Cheechoo and loses puck.
4:57 of 1st overtime period - Shot by Martin Straka.
4:57 of 1st overtime period - Shot Blocked by Niklas Kronwall.

ShootOut

ShootOut - Penalty Shot by Bill Thomas for Avalanche.
ShootOut - Stopped by Dany Sabourin.
ShootOut - Penalty Shot by Joe Thornton for Sharks.
ShootOut - Shot Misses the Net.
ShootOut - Penalty Shot by Mark Recchi for Avalanche.
ShootOut - Stopped by Dany Sabourin.
ShootOut - Penalty Shot by Pavel Datsyuk for Sharks.
ShootOut - Shot Misses the Net.
ShootOut - Penalty Shot by Mike Modano for Avalanche.
ShootOut - Stopped by Dany Sabourin.
ShootOut - Penalty Shot by Markus Naslund for Sharks.
ShootOut - Shot Misses the Net.
ShootOut - Penalty Shot by Wojtek Wolski for Avalanche.
ShootOut - Goal by Wojtek Wolski.
ShootOut - Penalty Shot by Colby Armstrong for Sharks.
ShootOut - Goal by Colby Armstrong.
ShootOut - Penalty Shot by Gary Roberts for Avalanche.
ShootOut - Stopped by Dany Sabourin.
ShootOut - Penalty Shot by Jonathan Cheechoo for Sharks.
ShootOut - Stopped by Mike Smith.
ShootOut - Penalty Shot by Martin Straka for Avalanche.
ShootOut - Goal by Martin Straka.
ShootOut - Penalty Shot by Sheldon Souray for Sharks.
ShootOut - Goal by Sheldon Souray.
ShootOut - Penalty Shot by Sergei Zubov for Avalanche.
ShootOut - Stopped by Dany Sabourin.
ShootOut - Penalty Shot by Milan Michalek for Sharks.
ShootOut - Stopped by Mike Smith.
ShootOut - Penalty Shot by Brandon Bochenski for Avalanche.
ShootOut - Stopped by Dany Sabourin.
ShootOut - Penalty Shot by Tomas Plekanec for Sharks.
ShootOut - Goal by Tomas Plekanec.


Output by the SimonT Hockey Simulator (STHS) for Stephane Roy -- Original Page W3C XHTML 1.0 Valid